 Dungeon Crawl Stone Soup version 0.17.1-3-g152610e (webtiles) character file.

103 kaze the Skirmisher (level 4, -10/37 HPs)
             Began as a Demonspawn Fighter on Apr 14, 2016.
             Killed by nerve-wracking pain
             ... invoked by Grinder
              (11 damage)
             ... on level 3 of the Dungeon.
             The game lasted 00:02:17 (1267 turns).

kaze the Skirmisher (Demonspawn Fighter)            Turns: 1267, Time: 00:02:18

Health: -10/37     AC:  9    Str: 22    XL:     4   Next: 51%
Magic:  4/4        EV:  8    Int:  9    God:
Gold:   30         SH:  9    Dex: 13    Spells: 0 memorised, 3 levels left

rFire  . . .     SeeInvis +     a - +0 trident
rCold  . . .     Clarity  .     b - +0 scale mail
rNeg   . . .     SustAt   .     c - +0 shield
rPois  .         Gourm    .     (no helmet)
rElec  .         Spirit   .     (no cloak)
rCorr  .         Warding  .     (no gloves)
rMut   .         Stasis   .     (no boots)
MR     .....                    (no amulet)
Stlth  ..........               (no ring)
                                h - ring of see invisible

@: mighty, not resistant to hostile enchantments, extremely unstealthy
A: slimy green scales 2
a: no special abilities


You were on level 3 of the Dungeon.
You were very hungry.

You visited 1 branch of the dungeon, and saw 3 of its levels.

You collected 30 gold pieces.

Inventory:

Hand Weapons
 a - a +0 trident (weapon)
Armour
 b - a +0 scale mail (worn)
 c - a +0 shield (worn)
Jewellery
 h - a ring of see invisible (left hand)
Scrolls
 g - 2 scrolls of immolation {unknown}
 i - a scroll of teleportation {unknown}
 j - a scroll of random uselessness {unknown}
 k - a scroll of noise {unknown}
 n - a scroll of magic mapping {unknown}
Potions
 d - a potion of might
 l - a potion of haste {unknown}
 m - a potion of resistance {unknown}
Comestibles
 e - 2 bread rations
 f - a meat ration


   Skills:
 + Level 3.7 Fighting
 + Level 2.4 Polearms
 + Level 3.0 Armour
 + Level 1.0 Dodging
 + Level 3.5 Shields


You had 3 spell levels left.
You didn't know any spells.

Dungeon Overview and Level Annotations

Branches:
Dungeon (3/15)

Altars:
Xom

Annotations:
D:3 Grinder


Innate Abilities, Weirdness & Mutations

You are mostly covered in slimy green scales (AC +3).


Message History

You closely miss Grinder.
You feel sick.
You are no longer poisoned.
Grinder gestures at you.
You suddenly lose the ability to move!
The hobgoblin hits you but does no damage.
Grinder gestures at you. Pain shoots through your body!
* * * LOW HITPOINT WARNING * * *
The hobgoblin hits you but does no damage.
Grinder hits you.
* * * LOW HITPOINT WARNING * * *
You writhe in agony.
* * * LOW HITPOINT WARNING * * *
You can move again.
You puncture Grinder!
Grinder is moderately wounded.
You block the hobgoblin's attack. Grinder gestures at you.
Pain shoots through your body!
You die...

.......... ##.. #...
.........#..........
....
.........#..........
....
.........#....(.....
....
.........#..........
....
.........#..........
#+## #.............. . .
##.....g5...... ..
##♣.≈..≈ ##....@.......
..
.#≈.≈#..♣.♣#....##..#...
..≈_.≈_§..≈.....# .+
#.≈_..≈.≈≈#....# #
#....._.##....#
.#.≈_##.....#
##^###......#
#...........#
#..............


You could see Grinder and a hobgoblin.

Vanquished Creatures
  7 adders
  2 worms (D:2)
  A goblin (D:1)
  5 hobgoblins
  4 jackals (D:2)
  2 quokkas (D:2)
  5 bats
  5 giant cockroaches
  2 giant newts
  3 kobolds
  2 rats (D:1)
38 creatures vanquished.

Notes
Turn   | Place    | Note
--------------------------------------------------------------
     0 | D:1      | kaze the Demonspawn Fighter began the quest for the Orb.
     0 | D:1      | Reached XP level 1. HP: 18/18 MP: 1/1
   209 | D:1      | Gained mutation: You are partially covered in slimy green scales (AC +2). [demonic ancestry]
   209 | D:1      | Reached XP level 2. HP: 14/24 MP: 2/2
   367 | D:2      | Reached XP level 3. HP: 12/29 MP: 3/3
   867 | D:2      | Gained mutation: You are mostly covered in slimy green scales (AC +3). [demonic ancestry]
   867 | D:2      | Reached XP level 4. HP: 32/36 MP: 4/4
  1075 | D:3      | Reached skill level 1 in Dodging
  1228 | D:3      | Found a shimmering altar of Xom.
  1228 | D:3      | Found a shimmering altar of Xom.
  1229 | D:3      | Found a shimmering altar of Xom.
  1230 | D:3      | Found a shimmering altar of Xom.
  1237 | D:3      | Found a shimmering altar of Xom.
  1252 | D:3      | Noticed Grinder
  1265 | D:3      | Paralysed by Grinder for 2 turns
  1266 | D:3      | HP: 1/37 [Grinder (6)]
  1267 | D:3      | Killed from afar by Grinder

Action                   |  1- 3 |  4- 6 || total
-------------------------+-------+-------++-------
Melee: Trident           |   104 |    49 ||   153
  Use: Potion            |       |     1 ||     1
